 Dungeon Crawl Stone Soup version bcrawl-1.12-8-g964540c432 (webtiles) character file.

Game seed: 15454751258248592369

316 EnegeticOcto the Chopper (level 6, -2/52 HPs)
             Began as a Minotaur Sloth Apostle on June 9, 2019.
             Was a Believer of Cheibriados.
             Slain by a phantom (6 damage)
             ... on level 4 of the Dungeon.
             The game lasted 00:03:24 (3175 turns).

EnegeticOcto the Chopper (Minotaur Sloth Apostle)   Turns: 3175, Time: 00:03:25

Health: -2/52      AC: 13    Str: 23    XL:     6   Next: 20%
Magic:  6/6        EV:  7    Int: 14    God:    Cheibriados [**....]
Gold:   202        SH: 10    Dex: 15    Spells: 6/7 levels left

rFire    . . .     SeeInvis .   a - +0 hand axe
rCold    . . .     Gourm    .   c - +0 shield
rNeg     . . .     Faith    .   g - +0 chain mail
rPois    .         Spirit   .   (helmet restricted)
rElec    .         Reflect  .   b - +2 cloak
rCorr    .         Harm     .   f - +0 pair of gloves
MR       +....                  (no boots)
Stlth    ..........             (no amulet)
HPRegen  0.17/turn              q - ring of protection from magic
MPRegen  0.10/turn              (no ring)

@: very slow
A: retaliatory headbutt, horns 2
a: Bend Time, Renounce Religion


You were on level 4 of the Dungeon.
You worshipped Cheibriados.
Cheibriados was pleased with you.
You were not hungry.

You visited 1 branch of the dungeon, and saw 4 of its levels.

You collected 202 gold pieces.

Inventory:

Hand Weapons
 a - a +0 hand axe (weapon)
Armour
 b - a +2 cloak (worn)
 c - a +0 shield (worn)
 f - a +0 pair of gloves (worn)
 g - a +0 chain mail (worn)
Jewellery
 q - a ring of protection from magic (left hand)
Wands
 d - a wand of paralysis (5)
Scrolls
 i - 3 scrolls of remove curse {@r2}
 k - a scroll of immolation
 o - a scroll of teleportation {@r3 !r}
Potions
 p - a potion of ambrosia {unknown}
 r - a potion of magic {unknown}
Comestibles
 e - 5 rations {!d}


   Skills:
 + Level 3.8 Fighting
 * Level 5.0 Axes
 + Level 2.9 Armour
 + Level 2.4 Dodging
 - Level 2.6 Stealth
 + Level 3.7 Shields
 - Level 1.0 Spellcasting
 - Level 0.5 Hexes
 - Level 0.8 Evocations


You had 6 spell levels left.
You knew the following spells:

 Your Spells              Type           Power        Failure   Level  Hunger
a - Slow                  Hex            #.......     100%        1    ##.....
Your spell library was empty.

Dungeon Overview and Level Annotations

Branches:
Dungeon (4/12)
 Temple: D:4-7

Altars:
Cheibriados
Dithmenos

Annotations:
D:3 3 runed translucent doors, Freyura's ghost, amateur DWGl
D:4 Robin


Innate Abilities, Weirdness & Mutations

You reflexively headbutt those who attack you in melee.
You have a pair of horns on your head.


Message History

You block the goblin's attack.
You completely miss the goblin. Your headbutt misses the goblin.
The goblin is moderately wounded.
You hit the goblin.
The gnoll is no longer paralysed.
The goblin hits you with a +0 dagger. x2
Unknown command.
You are too injured to fight recklessly!
You are too injured to fight recklessly!
You are too injured to fight recklessly!
You are too injured to fight recklessly!
You are too injured to fight recklessly!
You are too injured to fight recklessly!
You are too injured to fight recklessly!
You are too injured to fight recklessly!
You are too injured to fight recklessly!
You are too injured to fight recklessly!
Your unstable footing causes you to fumble your attack.
You block the goblin's attack. The goblin hits you but does no damage.
You closely miss the goblin.
The goblin is moderately wounded.
You closely miss the goblin. You barely miss the phantom.
The phantom completely misses you. You furiously retaliate!
You headbutt the phantom.
The goblin splashes around in the water.
The goblin hits you but does no damage.
The phantom hits you but does no damage.
The goblin splashes around in the water.
You hit the goblin but do no damage. You headbutt the goblin.
You kill the goblin!
Cheibriados thoroughly appreciates the change of pace.
You hear a splash.
You slash the goblin!
You kill the goblin!
Cheibriados thoroughly appreciates the change of pace.
You hear a splash.
You closely miss the phantom. You block the phantom's attack.
Your unstable footing causes you to fumble your attack.
The phantom barely misses you.
The hobgoblin splashes around in the water.
The gnoll splashes around in the water.
The ice beast hits you. The ice beast freezes you!
* * * LOW HITPOINT WARNING * * *
The hobgoblin hits you but does no damage.
You hit the hobgoblin.
You kill the hobgoblin!
Cheibriados thoroughly appreciates the change of pace.
You hear a splash.
You barely miss the hobgoblin. You barely miss the phantom.
Your shield and chain mail prevent you from hitting the ice beast.
The hobgoblin no longer looks unusually strong.
Robin throws the goblin at you! You block the phantom's attack.
The hobgoblin splashes around in the water.
You block the goblin's attack.
The ice beast hits you but does no damage.
The gnoll hits you but does no damage.
You slash the goblin!
You kill the goblin!
Cheibriados appreciates the change of pace.
You hear a splash.
Your chain mail prevents you from hitting the ice beast.
You hit the phantom. You hit the hobgoblin but do no damage.
Robin throws the goblin at you!
The phantom hits you but does no damage.
You block the hobgoblin's attack.
The ice beast hits you but does no damage.
The gnoll closely misses you. The goblin hits you but does no damage.
All of the chunks of flesh in your inventory have rotted away.
You closely miss the goblin. You hit the ice beast but do no damage.
You closely miss the phantom. You slash the hobgoblin!
You kill the hobgoblin!
Cheibriados thoroughly appreciates the change of pace.
You hear a splash.
The phantom closely misses you.
The ice beast hits you but does no damage.
The goblin hits you but does no damage.
Your unstable footing causes you to fumble your attack.
You block the gnoll's attack. The phantom hits you.
* * * LOW HITPOINT WARNING * * *
The ice beast hits you but does no damage.
The goblin hits you but does no damage.
Your unstable footing causes you to fumble your attack.
The phantom blinks!
The gnoll splashes around in the water.
The ice beast hits you but does no damage.
The dart slug bites you but does no damage.
You block the goblin's attack.
Your unstable footing causes you to fumble your attack.
The hobgoblin no longer looks unusually strong.
The gnoll hits you but does no damage. The ice beast closely misses you.
You block the dart slug's attack. The goblin hits you with a +0 club.
* * * LOW HITPOINT WARNING * * *
You closely miss the goblin. You headbutt the goblin.
You kill the goblin!
Cheibriados thoroughly appreciates the change of pace.
You hear a splash.
You hit the dart slug. You closely miss the phantom. You slash the ice beast!
The ice beast hits you but does no damage.
The gnoll hits you from afar with a +0 halberd.
* * * LOW HITPOINT WARNING * * *
The phantom hits you.
You die...

.......W..#
.......##.#
..w.... ...
.$..... .### .
....### ..
....### # ....#g#
....≈gw##
...≈≈≈W@#
.......≈≈.Y)# #..
...<..#≈≈≈≈g##..#
.....##.wggg#..#
...........#(.# .
.....##.#..# ...
... #...###
.....#.##.....#
#..Y)g#


You could see a phantom, an ice beast, Robin, 3 gnolls, 2 dart slugs, a
hobgoblin and a goblin.

Vanquished Creatures
  A phantom (D:4)
  3 orc wizards
  Natasha (D:4)
  A gnoll (D:4)
  An adder (D:2)
  An ooze (D:3)
  A worm (D:1)
  6 dart slugs
  6 orcs
  A giant cockroach (D:1)
  11 goblins
  10 hobgoblins
  13 jackals
  A quokka (D:2)
  2 ball pythons
  2 bats (D:1)
  4 frilled lizards
  9 kobolds
  A rat (D:1)
75 creatures vanquished.

Notes
Turn   | Place    | Note
-------+----------+-------------------------------------------
     0 | D:1      | EnegeticOcto the Minotaur Sloth Apostle began the quest for
                  | the Orb.
     0 | D:1      | Reached XP level 1. HP: 18/18 MP: 1/1
   120 | D:1      | Reached XP level 2. HP: 25/25 MP: 2/2
   479 | D:1      | Reached skill level 1 in Armour
   563 | D:1      | Reached skill level 3 in Axes
   965 | D:2      | Reached * piety under Cheibriados
   965 | D:2      | Reached XP level 3. HP: 30/30 MP: 3/3
   969 | D:2      | Reached skill level 1 in Dodging
  1082 | D:1      | HP: 1/30 [worm (7)]
  1409 | D:2      | Reached XP level 4. HP: 18/38 MP: 4/4
  2430 | D:3      | Noticed a troll
  2433 | D:3      | Found a runed translucent gate.
  2433 | D:3      | Found a runed translucent gate.
  2440 | D:3      | Noticed Freyura's ghost (amateur DWGl)
  2446 | D:3      | Found a runed translucent gate.
  2460 | D:3      | Reached ** piety under Cheibriados
  2758 | D:3      | Reached skill level 4 in Axes
  2758 | D:3      | Reached XP level 5. HP: 44/45 MP: 5/5
  2931 | D:3      | Found a shadowy altar of Dithmenos.
  3052 | D:4      | Noticed a phantom
  3064 | D:4      | Noticed Natasha
  3064 | D:4      | Noticed a phantom
  3071 | D:4      | Killed Natasha
  3083 | D:4      | Killed a phantom
  3083 | D:4      | Reached XP level 6. HP: 18/52 MP: 6/6
  3149 | D:4      | Reached skill level 5 in Axes
  3150 | D:4      | Noticed an ice beast
  3154 | D:4      | Noticed Robin
  3160 | D:4      | Found a snail-covered altar of Cheibriados.
  3175 | D:4      | Slain by a phantom

Skill      XL: |  1  2  3  4  5  6 |
---------------+-------------------+-----
Armour         | 1 2 |  2.9
Axes           | 3 4 5 |  5.0
Dodging        | 1 2 |  2.4
Fighting       | 3 |  3.8
Shields        | 3 |  3.7
Stealth        | |  2.6
Spellcasting   | |  1.0
Hexes          | |  0.5
Evocations     | |  0.8

Action                   |  1- 3 |  4- 6 || total
-------------------------+-------+-------++-------
Melee: Hand axe          |   103 |   106 ||   209
       Headbutt          |    11 |    21 ||    32
Evoke: Wand              |       |     5 ||     5
  Use: Scroll            |     1 |     8 ||     9
       Potion            |     1 |     3 ||     4
 Stab: Sleeping          |     2 |       ||     2
       Paralysed         |       |     5 ||     5
  Eat: Chunk             |     1 |     3 ||     4
Armor: Robe              |    11 |       ||    11
       Ring mail         |    17 |     5 ||    22
       Chain mail        |       |    56 ||    56
       Skin              |       |    11 ||    11
Dodge: Dodged            |    43 |    24 ||    67
Block: Shield            |    63 |    68 ||   131
